 Dungeon Crawl Stone Soup version 0.26.1-11-gd32895ea62 (webtiles) character file.

Game seed: 6473900957189269144

260 manyhoops the Ruffian (level 5, 0/44 HPs)
             Began as a Palentonga Transmuter on Apr 24, 2021.
             Slain by an ogre
             ... wielding a +0 giant club
              (19 damage)
             ... on level 4 of the Dungeon.
             The game lasted 00:03:57 (3537 turns).

manyhoops the Ruffian (Palentonga Transmuter)       Turns: 3537, Time: 00:03:58

Health: 0/44       AC:  6    Str: 15    XL:     5   Next: 95%
Magic:  8/8        EV: 10    Int: 13    God:
Gold:   221        SH:  0    Dex: 10    Spells: 2/8 levels left

rFire    . . .     SeeInvis +     - Unarmed
rCold    . . .     Faith    .   (no shield)
rNeg     . . .     Spirit   .   a - +0 robe
rPois    .         Reflect  .   e - +0 helmet
rElec    .         Harm     .   (no cloak)
rCorr    +         Rampage  .   k - +0 pair of gloves
Will     .....                  (no barding)
Stlth    +.........             (no amulet)
HPRegen  0.14/turn              o - ring of resist corrosion
MPRegen  0.11/turn              (no ring)

@: no status effects
A: large, rugged brown scales 3, see invisible, deformed body, roll 1, armoured
tail
a: Rolling Charge


You were on level 4 of the Dungeon.
You visited 1 branch of the dungeon, and saw 4 of its levels.

You collected 221 gold pieces.

Inventory:

Armour
 a - a +0 robe (worn)
 e - a +0 helmet (worn)
 k - a +0 pair of gloves (worn)
Jewellery
 o - a ring of resist corrosion (left hand)
Scrolls
 f - a scroll of fear
 g - 2 scrolls of remove curse
 h - a scroll of fog
 i - 4 scrolls of teleportation
 m - a scroll of immolation
 p - a scroll of magic mapping
 s - a scroll of random uselessness {unknown}
Potions
 b - a potion of attraction
 c - a potion of flight
 d - a potion of lignification {unknown}
 j - a potion of magic {unknown}
 l - a potion of degeneration {unknown}
 n - 2 potions of curing {unknown}
 q - a potion of cancellation {unknown}


   Skills:
 - Level 2.7 Fighting
 - Level 1.5 Dodging
 - Level 5.5 Unarmed Combat
 - Level 2.0 Spellcasting
 + Level 3.1 Transmutations


You had 2 spell levels left.
You knew the following spells:

 Your Spells              Type           Power        Failure   Level
a - Beastly Appendage     Tmut           18%          7%          1
b - Wereblood             Tmut           9%           11%         2
c - Spider Form           Tmut/Pois      2%           38%         3

Your spell library contained the following spells:

 Spells                   Type           Power        Failure   Level
 Ice Form                 Ice/Tmut       5%           80%         4
 Blade Hands              Tmut           4%           89%         5


Dungeon Overview and Level Annotations

Branches:
Dungeon (4/15)
 Temple: D:4-7

Altars:
Nemelex Xobeh
Sif Muna
Wu Jian


Innate Abilities, Weirdness & Mutations

You are completely covered in rugged brown scales. (AC +3, +7% HP)
You have supernaturally acute eyesight. (SInv)
Armour fits poorly on your strangely shaped body.
You can roll at nearby foes to attack.
You have a long armoured tail.


Message History

You are too injured to fight recklessly!
You are too injured to fight recklessly!
You are too injured to fight recklessly!
You are too injured to fight recklessly!
You are too injured to fight recklessly!
You are too injured to fight recklessly!
You are too injured to fight recklessly!
You are too injured to fight recklessly!
You are too injured to fight recklessly!
You are too injured to fight recklessly!
You are too injured to fight recklessly!
You are too injured to fight recklessly!
You are too injured to fight recklessly!
Unknown command.
You hit the ogre.
The ogre is severely wounded.
You hit the ogre.
The ogre is almost dead.
The ogre hits you with a +0 giant club!!
You die...

.. #.. ## #.. #.# #..
.$# #.# #.###.# #O#.#
#######@?# .........#
#. .#######.# #. #?#
#. #.# ##.### ##.####
....#
#.....#######..#
#.......)...#..###
#......#.#.....#.....


You could see an ogre.

Vanquished Creatures
  A hound (D:3)
  3 orc wizards
  Natasha (D:3)
  3 gnolls (D:2)
  2 worms
  A dart slug (D:1)
  3 leopard geckos
  5 orcs
  A ball python (D:1)
  2 giant cockroaches
  6 goblins
  12 hobgoblins
  8 jackals
  9 kobolds
  2 quokkas (D:3)
  7 bats
  4 frilled lizards
  10 rats
80 creatures vanquished.

Notes
Turn   | Place    | Note
-------+----------+-------------------------------------------
     0 | D:1      | manyhoops the Palentonga Transmuter began the quest for the
                  | Orb.
     0 | D:1      | Reached XP level 1. HP: 17/17 MP: 3/3
   170 | D:1      | Reached XP level 2. HP: 16/24 MP: 3/5
   450 | D:1      | Learned a level 2 spell: Wereblood
   807 | D:1      | Reached XP level 3. HP: 31/31 MP: 6/6
   851 | D:1      | Reached skill level 4 in Unarmed Combat
  1134 | D:2      | Found an ornate altar of the Wu Jian Council.
  1251 | D:2      | Reached XP level 4. HP: 19/38 MP: 4/7
  2134 | D:3      | Reached skill level 5 in Unarmed Combat
  2221 | D:3      | Found a sparkling altar of Nemelex Xobeh.
  2379 | D:3      | Reached XP level 5. HP: 43/44 MP: 8/8
  2669 | D:3      | Found a shimmering blue altar of Sif Muna.
  2675 | D:3      | Noticed Natasha
  2687 | D:3      | Killed Natasha
  2927 | D:3      | Learned a level 3 spell: Spider Form
  3527 | D:4      | Noticed an ogre
  3537 | D:4      | Slain by an ogre

Illustrated notes

Levels and vault maps discovered:
D:1:      scummos_arrival_hexagon, layout_loops_cross, serial_rivers,
          chequers_serial_rivers_micro_b, chequers_serial_rivers_micro_d,
          chequers_serial_rivers_micro_c, chequers_serial_rivers_room_b,
          chequers_serial_rivers_large_a
D:2:      layout_basic, old_standard_altar, hangedman_decor_clover_reticule
D:3:      layout_loops_cross, led_sif_book, nemelex_diamond_rough_becter,
          uniq_natasha
D:4:      layout_loops_ring, makhleb_blood_cavern_becter

Skill      XL: |  1  2  3  4  5 |
---------------+----------------+-----
Unarmed Combat | 4 5 |  5.5
Fighting       | 2 |  2.7
Transmutations | 3 |  3.1
Dodging        | |  1.5
Spellcasting   | |  2.0

Action                   |  1- 3 |  4- 6 || total
-------------------------+-------+-------++-------
Melee: Unarmed           |   108 |   125 ||   233
       Kick              |    12 |    11 ||    23
       Headbutt          |     5 |    12 ||    17
       Tailslap          |     8 |    10 ||    18
       Punch             |     2 |     1 ||     3
 Cast: Beastly Appendage |    13 |    18 ||    31
       Wereblood         |     1 |     1 ||     2
 Abil: Rolling Charge    |     2 |     3 ||     5
  Use: Scroll            |     2 |     7 ||     9
 Stab: Sleeping          |     1 |       ||     1
Armor: Robe              |    39 |    36 ||    75
Dodge: Dodged            |    56 |    62 ||   118
